 Dungeon Crawl Stone Soup version 0.17.2 (webtiles) character file.

281 Wizbit the Skirmisher (level 6, 0/48 HPs)
             Began as a Demonspawn Abyssal Knight on May 7, 2016.
             Was an Elder of Lugonu.
             Killed from afar by an orc wizard (11 damage)
             ... with a magic dart
             ... on level 4 of the Dungeon.
             The game lasted 00:15:36 (3778 turns).

Wizbit the Skirmisher (Demonspawn Abyssal Knight)   Turns: 3778, Time: 00:15:37

Health: 0/48       AC:  9    Str: 15    XL:     6   Next: 6%
Magic:  8/8        EV:  7    Int: 13    God:    Lugonu [****..]
Gold:   106        SH:  0    Dex: 12    Spells: 0 memorised, 5 levels left

rFire  . . .     SeeInvis .     p - +2 falchion (slice)
rCold  . . .     Clarity  .     s - +0 chain mail
rNeg   . . .     SustAt   .     (no shield)
rPois  .         Gourm    +     (no helmet)
rElec  .         Spirit   .     (no cloak)
rCorr  .         Warding  .     (no gloves)
rMut   .         Stasis   .     (no boots)
MR     .....                    l - amulet of the gourmand
Stlth  ..........               (no ring)
                                (no ring)

@: not resistant to hostile enchantments, extremely unstealthy
A: foul stench 1, rot immunity
a: Depart the Abyss, Bend Space, Banish, Corrupt, Renounce Religion


You were on level 4 of the Dungeon.
You worshipped Lugonu.
Lugonu was greatly pleased with you.
You were very full.

You visited 1 branch of the dungeon, and saw 4 of its levels.
You visited the Abyss 1 time.

You collected 106 gold pieces.

Inventory:

Hand Weapons
 a - a +1 spear
 c - a +1 mace of protection
 p - a +2 falchion of slicing (weapon)
Missiles
 g - a throwing net (quivered)
 j - 7 needles of paralysis
Armour
 d - a +1 ring mail
 m - a +0 scale mail
 s - a +0 chain mail (worn)
Jewellery
 l - an amulet of the gourmand (around neck)
Wands
 i - a wand of flame (20)
Scrolls
 r - a scroll of remove curse
 u - a scroll of teleportation
Potions
 b - a potion of brilliance
 e - a potion of curing
 f - a potion of cancellation
 h - a potion of flight {unknown}
 k - a potion of beneficial mutation {unknown}
 n - a potion of heal wounds {unknown}
Comestibles
 o - a beef jerky
 q - a bread ration
 v - a meat ration


   Skills:
 * Level 4.1 Fighting
 * Level 0.3 Long Blades
 - Level 1.5 Maces & Flails
 + Level 2.0 Polearms
 * Level 3.3 Armour
 + Level 2.8 Dodging
 + Level 0.6 Stealth
 * Level 2.9 Invocations


You had 5 spell levels left.
You didn't know any spells.

Dungeon Overview and Level Annotations

Branches:
Dungeon (4/15)
 Temple: D:4-7

Altars:


Innate Abilities, Weirdness & Mutations

You may emit foul miasma when damaged in melee.
You are immune to rotting.


Message History

You feel stronger.
You hit the orc wizard but do no damage.
The orc wizard hits you but does no damage.
You hit the orc wizard.
The orc wizard is heavily wounded.
The orc wizard hits you but does no damage.
The orc wizard looks sick.
You barely miss the orc wizard.
The orc wizard is heavily wounded.
The orc wizard hits you but does no damage.
You closely miss the orc wizard.
The orc wizard is heavily wounded.
The orc wizard hits you but does no damage.
The orc priest calls upon Beogh to heal the orc wizard.
The orc wizard is healed somewhat.
The orc wizard barely misses you.
You closely miss the orc wizard.
The orc wizard is lightly wounded.
The orc wizard casts a spell at you. The magic dart hits you!
You die...

############
#..........#
#..........#
#..)....<..#
#..........#
#..........#
#.....oo...#
#######o####
#...##@##
#.......+
#.......#
#.......#
#.......#
#.......#
#.....###
#.....
......


You could see an orc priest, an orc wizard and an orc.

Vanquished Creatures
  Ijyb (D:2)
  An orc wizard (D:4)
  5 adders
  4 gnolls (D:3)
  An ooze (D:1)
  2 worms (D:2)
  4 giant geckos
  6 orcs (D:3)
  3 ball pythons
  6 giant cockroaches
  11 goblins
  7 hobgoblins
  14 jackals
  9 kobolds
  A quokka (D:3)
  11 bats
  5 giant newts
  9 rats
100 creatures vanquished.

Vanquished Creatures (others)
  A wasp zombie (D:3)
1 creature vanquished.

Grand Total: 101 creatures vanquished

Notes
Turn   | Place    | Note
--------------------------------------------------------------
     0 | Abyss:1  | Wizbit the Demonspawn Abyssal Knight began the quest for the Orb.
     0 | Abyss:1  | Reached XP level 1. HP: 18/18 MP: 2/2
    12 | Abyss:1  | Found a corrupted altar of Lugonu.
    35 | D:1      | Escaped the Abyss
   415 | D:1      | Gained mutation: You are immune to rotting. [demonic ancestry]
   415 | D:1      | Reached XP level 2. HP: 13/24 MP: 3/3
   617 | D:1      | Reached ** piety under Lugonu
   647 | D:1      | Reached skill level 1 in Dodging
   851 | D:1      | Reached XP level 3. HP: 21/30 MP: 4/4
  2041 | D:2      | Reached *** piety under Lugonu
  2041 | D:2      | Reached XP level 4. HP: 35/37 MP: 5/5
  2219 | D:2      | Noticed Ijyb
  2278 | D:2      | Killed Ijyb
  2278 | D:2      | Reached skill level 1 in Maces & Flails
  2859 | D:3      | Gained mutation: You may emit foul miasma when damaged in melee. [demonic ancestry]
  2859 | D:3      | Reached XP level 5. HP: 35/42 MP: 6/6
  3121 | D:3      | Reached skill level 4 in Fighting
  3561 | D:3      | Reached **** piety under Lugonu
  3773 | D:4      | Reached XP level 6. HP: 9/48 MP: 8/8
  3778 | D:4      | Killed from afar by an orc wizard

Action                   |  1- 3 |  4- 6 || total
-------------------------+-------+-------++-------
Melee: Spear             |   114 |       ||   114
       Mace              |    70 |   185 ||   255
       Falchion          |       |    65 ||    65
Throw: Throwing net      |       |     1 ||     1
Invok: Banish            |       |     1 ||     1
  Use: Scroll            |     7 |     4 ||    11
       Potion            |       |     4 ||     4
 Stab: Held in net/web   |       |     1 ||     1
  Eat: Bread ration      |     1 |       ||     1
       Chunk             |       |    15 ||    15
